AoeStats
← [ KOF ] M. Kowalski

Yucatan

503169943Analyzed
3v3 RM · 1mo ago on Aug 30, 2026· 42m 39s· 6 players
Game mode
Random Map
Map size
Normal (6 player)
Population
200
Speed
Normal
Resources
Standard
Victory
Conquest
Starting age
Dark Age
Ending age
Imperial Age
RankedLock teamsTeams togetherTeam positionsShared explorationLock speedFull tech treeHidden civsTurbo modeCheats
Victory
Defeat
🇪🇨 Maya · Ecuador
1417
+11
🇦🇷 Mongols · Argentina
1360
+13
🇦🇷 Cumans · Argentina
1282
+17
🇹🇼 Saracens · Taiwan
1306
-14
🇯🇵 Ethiopians · Japan
1296
-13
🇹🇼 Magyars · Taiwan
1289
-13
[ KOF ] M. Kowalski
6:18 Loom
8:24 Feudal Age
10:18 Double-Bit Axe
11:43 Town Watch
18:45 Castle Age
17:41 Bloodlines
19:29 Husbandry
19:43 Forging
20:16 Horse Collar
24:26 Scale Barding Armor
28:16 Wheelbarrow
28:07 Chain Barding Armor
29:04 Heavy Plow
29:16 Bow Saw
32:57 Iron Casting
32:56 Gold Mining
32:58 Stone Mining
33:04 Stone Mining
33:38 Fletching
35:23 Hand Cart
38:17 Imperial Age
37:57 Bodkin Arrow
40:18 Blast Furnace
39:57 Elite Steppe Lancer
41:05 Bracer
43:00 Chemistry
KOF ELGRANKUSKING
0:29 Loom
11:50 Feudal Age
15:15 Fletching
17:54 Castle Age
21:14 Double-Bit Axe
25:12 Bodkin Arrow
29:26 Town Watch
30:50 Wheelbarrow
31:14 Bow Saw
35:30 Ballistics
35:28 Horse Collar
35:59 Padded Archer Armor
39:00 Imperial Age
37:14 Heavy Plow
40:19 Bracer
Homero Thomson
6:41 Loom
10:22 Feudal Age
23:11 Castle Age
21:39 Fletching
26:12 Double-Bit Axe
30:32 Bodkin Arrow
30:52 Padded Archer Armor
32:41 Leather Archer Armor
33:55 Wheelbarrow
36:43 Imperial Age
38:17 Conscription
39:46 Bow Saw
40:56 Gold Mining
41:54 Wheelbarrow
40:46 Cavalier
42:20 Scale Barding Armor
42:53 Bloodlines
43:21 Chain Barding Armor
ps.bob.chuang
6:27 Loom
9:29 Feudal Age
14:11 Fletching
16:18 Double-Bit Axe
19:43 Horse Collar
20:04 Padded Archer Armor
23:58 Castle Age
21:56 Gold Mining
24:57 Bow Saw
24:55 Thumb Ring
24:11 Crossbowman
24:53 Bodkin Arrow
25:53 Ballistics
26:30 Thumb Ring
27:14 Leather Archer Armor
28:59 Wheelbarrow
30:11 Heavy Plow
31:50 Hand Cart
37:32 Imperial Age
35:03 Stone Mining
38:10 Arbalester
38:54 Bracer
40:34 Chemistry
39:40 Siege Engineers
41:06 Ring Archer Armor
41:39 Conscription
slamdunk1024
6:21 Loom
9:13 Feudal Age
13:01 Fletching
17:37 Padded Archer Armor
23:59 Castle Age
24:01 Crossbowman
24:38 Bodkin Arrow
26:21 Thumb Ring
27:00 Scale Barding Armor
27:26 Husbandry
31:57 Ballistics
32:09 Leather Archer Armor
33:19 Forging
36:53 Wheelbarrow
36:06 Double-Bit Axe
36:02 Horse Collar
37:50 Bow Saw
Jeshark
6:46 Loom
9:40 Feudal Age
10:44 Double-Bit Axe
15:33 Scale Barding Armor
28:31 Castle Age
27:16 Bloodlines
27:28 Gold Mining
29:15 Husbandry
33:27 Bow Saw
34:17 Chain Barding Armor
Connection lost

Rejoining the realm…

Still unreachable

The connection could not be restored.

Session expired

The server has moved on; the page needs a fresh start.